 Dungeon Crawl Stone Soup version 0.30-a0-634-g8abc85282e (webtiles) character file.

Game seed: 11109520078501049724

326 pokeman the Magician (level 6, -4/34 HPs)
             Began as a Deep Elf Hedge Wizard on Jan 15, 2023.
             Killed by divine providence
             ... invoked by an orc priest
              (15 damage)
             ... on level 4 of the Dungeon.
             The game lasted 00:09:59 (4974 turns).

pokeman the Magician (Deep Elf Hedge Wizard)        Turns: 4974, Time: 00:09:59

Health: -4/34      AC:  3    Str: 11    XL:     6   Next: 24%
Magic:  11/17      EV: 13    Int: 21    God:
Gold:   77         SH:  0    Dex: 14    Spells: 7/18 levels left

rFire   x . .      SeeInvis +    t - +5 sling of the Equator {heavy, Fly rF- Str+4 SInv}
rCold   . . .      Faith    .    (no shield)
rNeg    . . .      Spirit   .    b - +0 robe
rPois   .          Reflect  .    c - +0 hat
rElec   .          Harm     .    (no cloak)
rCorr   .          Rampage  .    o - +0 pair of gloves
Will    .....                    (no boots)
Stlth   ++                       (no amulet)
HPRegen 0.25/turn                (no ring)
MPRegen 0.15/turn                (no ring)

@: flying
A: no striking features
a: no special abilities


You were on level 4 of the Dungeon.
You visited 1 branch of the dungeon, and saw 4 of its levels.

You collected 107 gold pieces.
You spent 30 gold pieces at shops.

Inventory:

Hand Weapons
 t - the +5 sling of the Equator (weapon) {heavy, Fly rF- Str+4 SInv}
   (You took it off a goblin on level 3 of the Dungeon)

   Str:       It affects your strength (+4).
   rF:        It makes you vulnerable to fire.
   SInv:      It lets you see invisible.
   Fly:       It grants you flight.
Missiles
 q - 2 throwing nets
Armour
 b - a +0 robe (worn)
 c - a +0 hat (worn)
 o - a +0 pair of gloves (worn)
Magical Staves
 s - a staff of fire
Wands
 p - a wand of mindburst (14)
Scrolls
 a - a scroll of vulnerability {unknown}
 f - a scroll of blinking {unknown}
 g - 3 scrolls of noise {unknown}
 j - 3 scrolls of magic mapping {unknown}
 k - 3 scrolls of identify {unknown}
 l - 2 scrolls of silence {unknown}
 n - a scroll of amnesia {unknown}
 r - 3 scrolls of teleportation {unknown}
 u - a scroll of torment {unknown}
Potions
 d - a potion of magic
 e - 3 potions of might {unknown}
 h - 2 potions of haste {unknown}
 i - 4 potions of curing
 m - a potion of flight {unknown}
 v - a potion of degeneration {unknown}


   Skills:
 - Level 1.0 Fighting
 - Level 1.0 Armour
 - Level 3.0 Dodging
 - Level 3.0 Stealth
 * Level 6.9 Spellcasting
 + Level 3.0 Conjurations
 - Level 1.1 Summonings
 - Level 1.1 Translocations
 - Level 1.1 Fire Magic
 + Level 0.7 Air Magic
 + Level 0.0 Earth Magic
 - Level 1.0 Poison Magic
 - Level 1.2 Evocations


You had 7 spell levels left.
You knew the following spells:

 Your Spells              Type           Power      Damage    Failure   Level
a - Magic Dart            Conj           80%        1d7       2%          1
b - Mephitic Cloud        Conj/Pois/Air  14%        N/A       14%         3
c - Call Imp              Summ           11%        N/A       9%          2
d - Blink                 Tloc           22%        N/A       9%          2
e - Stone Arrow           Conj/Erth      26%        3d8       14%         3

Your spell library contained the following spells:

 Spells                   Type           Power      Damage    Failure   Level
 Kiss of Death            Conj/Necr      52%        2d9       4%          1
 Sandblast                Erth           14%        2d6       9%          1
 Slow                     Hex            28%        N/A       9%          1
 Cigotuvi's Dreadful Rot  Necr/Pois/Air  18%        N/A       11%         2
 Passwall                 Tmut/Erth      5%         N/A       13%         2
 Dazzling Flash           Conj/Hex       26%        N/A       14%         3
 Kindle Blastsparks       Fire/Tloc/Air  22%        2d11      17%         3
 Ignite Poison            Fire/Tmut/Pois 10%        N/A       21%         3
 Confusing Touch          Hex            7%         N/A       26%         3
 Dispel Undead            Necr           7%         3d8       65%         4
 Freezing Cloud           Conj/Ice/Air   6%         6-21      82%         5
 Silence                  Hex/Air        4%         N/A       91%         5
 Agony                    Necr           7%         N/A       94%         5


Dungeon Overview and Level Annotations

Branches:
Dungeon (4/15)
 Temple: D:4-7

Altars:
Wu Jian

Shops:
D:1 =   D:4 *


Message History

Unknown command.
An orc priest comes into view. It is wielding a +0 flail.
The orc priest moves out of view.
Okay, then.
Unknown command.
An orc priest is nearby!
Fire: t) +5 sling of the Equator {heavy, Fly rF- Str+4 SInv}
Press: ? - help, Q - select action, (/) - cycle Shift-Dir - straight line, f - orc priest
Aim: an orc priest, wielding a +0 flail (wandering, hasn't noticed you, 62% to hit)
You shoot a sling bullet.
The sling bullet closely misses the orc priest.
The orc priest shouts!
The orc priest invokes the aid of Beogh against you.
Beogh smites you!
The orc priest mumbles some strange prayers to Beogh against you.
Beogh smites you!
* * * LOW HITPOINT WARNING * * *
A hound comes into view.
Casting: Magic Dart (safe; 2% risk of failure)
Confirm with . or Enter, or press ? or * to list all spells.
The spell is quite dangerous to miscast (14% risk of failure)!
Continue anyway?
Aiming: Mephitic Cloud (quite dangerous; 14% risk of failure)
Press: ? - help, Shift-Dir - straight line, f - hound
Aim: a hound (chance to affect: 86%)
The ball explodes into a vile cloud!
The stinking cloud engulfs the hound but does no damage.
The hound is engulfed in noxious fumes.
The hound appears confused.
The hound barely misses itself.
Casting: Mephitic Cloud (quite dangerous; 14% risk of failure)
Confirm with . or Enter, or press ? or * to list all spells.
The spell is quite dangerous to miscast (14% risk of failure)!
Continue anyway?
Aiming: Mephitic Cloud (quite dangerous; 14% risk of failure)
Press: ? - help, Shift-Dir - straight line, f - orc priest, p - hound
Aim: an orc priest, wielding a +0 flail (chance to affect: 86%)
The ball explodes into a vile cloud!
The stinking cloud engulfs the orc priest but does no damage.
The orc priest is engulfed in noxious fumes.
The orc priest invokes the aid of Beogh against you.
Beogh smites you!
You die...

.....## #....○##
.....o. .....# h.#.#
#.#.# #.#.# #.#o# #@.§#
#####..#########
..........).....)
#######.#.#############
..........#######......
#.#...........##.#####
#.###†######.##.# # #.#
#.##.# #.# #.##.# #


You could see a hound (confused) and an orc priest.

Vanquished Creatures
  A necrophage (D:4)
  A howler monkey (D:4)
  A hound (D:4)
  8 adders
  4 worms
  3 dart slugs
  6 orcs
  7 bats
  7 endoplasms
  4 giant cockroaches
  7 hobgoblins
  9 jackals
  11 kobolds
  4 quokkas
  4 ball pythons
  A frilled lizard (D:3)
  9 goblins
  10 rats
97 creatures vanquished.

Vanquished Creatures (collateral kills)
  A giant cockroach (D:1)
1 creature vanquished.

Grand Total: 98 creatures vanquished

Notes
Turn   | Place    | Note
-------+----------+-------------------------------------------
     0 | D:1      | pokeman the Deep Elf Hedge Wizard began the quest for the
                  | Orb.
     0 | D:1      | Reached XP level 1. HP: 10/10 MP: 7/7
   559 | D:1      | Reached XP level 2. HP: 15/15 MP: 5/9
   873 | D:1      | Found Noklaxe's One-of-a-Kind Rings.
  1160 | D:1      | Reached skill level 5 in Spellcasting
  1280 | D:1      | Reached XP level 3. HP: 2/20 MP: 0/11
  1284 | D:1      | Learned a level 3 spell: Mephitic Cloud
  1287 | D:1      | Learned a level 2 spell: Call Imp
  1290 | D:1      | Learned a level 2 spell: Blink
  2093 | D:2      | Reached skill level 1 in Fighting
  2093 | D:2      | Reached skill level 1 in Armour
  2238 | D:2      | Found an ornate altar of the Wu Jian Council.
  2246 | D:2      | Learned a level 3 spell: Stone Arrow
  2436 | D:2      | Reached XP level 4. HP: 25/25 MP: 2/13
  3583 | D:3      | Reached skill level 6 in Spellcasting
  3698 | D:3      | Reached XP level 5. HP: 29/29 MP: 8/15
  3816 | D:3      | Identified the +5 sling of the Equator {heavy, Fly rF-
                  | Str+4 SInv}
  4432 | D:4      | Reached skill level 1 in Fire Magic
  4432 | D:4      | Reached skill level 1 in Evocations
  4574 | D:4      | Reached XP level 6. HP: 14/34 MP: 4/17
  4792 | D:4      | Found Qaohi's General Store.
  4799 | D:4      | Bought a potion of curing for 30 gold pieces
  4951 | D:4      | Reached skill level 1 in Poison Magic
  4974 | D:4      | Killed from afar by an orc priest

Illustrated notes

Levels and vault maps discovered:
D:1:      dpeg_arrival_water_fire, layout_basic, glass_columns_b,
          nicolae_shop_unique_rings, chequers_decorated_corner
D:2:      kennysheep_big_flooded_room, layout_basic, basic_altar
D:3:      layout_loops_corners, minmay_goblin_outpost
D:4:      layout_loops_ring, serial_shops, nicolae_shop_stone

Skill      XL: |  1  2  3  4  5  6 |
---------------+-------------------+-----
Spellcasting   | 5 6 |  6.9
Fighting       | 1 |  1.0
Armour         | 1 |  1.0
Conjurations   | 2 3 |  3.0
Stealth        | 3 |  3.0
Dodging        | 3 |  3.0
Fire Magic     | 1 |  1.1
Evocations     | 1 |  1.2
Poison Magic   | 1 |  1.0
Summonings     | |  1.1
Translocations | |  1.1
Air Magic      | |  0.7

Action                   |  1- 3 |  4- 6 || total
-------------------------+-------+-------++-------
Melee: Dagger            |    60 |     5 ||    65
 Fire: Sling             |       |    31 ||    31
 Cast: Magic Dart        |   120 |   105 ||   225
       Call Imp          |     2 |     1 ||     3
       Mephitic Cloud    |       |     2 ||     2
 Stab: Sleeping          |     1 |       ||     1
Armor: Robe              |    14 |     5 ||    19
Dodge: Dodged            |    75 |    29 ||   104

Table legend: (Time is in decaauts)
 A = Elapsed time spent in this place.
 B = Non-inter-level travel time spent in this place.
 C = Inter-level travel time spent in this place.
 D = Time resting spent in this place.
 E = Time spent auto-exploring this place.
 F = Levels seen in this place.
 G = Mean time per level.
                   A        B        C        D        E       F      G
               +--------+--------+--------+--------+--------+-----+--------+
         Total |   5006 |   4975 |     31 |     19 |   4370 |   4 | 1251.5 |
       Dungeon |   5006 |   4975 |     31 |     19 |   4370 |   4 | 1251.5 |
               +--------+--------+--------+--------+--------+-----+--------+

Top non-repeatable levels by time:
     D:1: 1972 daAuts
     D:2: 1256 daAuts
     D:3: 1182 daAuts
     D:4: 595 daAuts
